 Dungeon Crawl Stone Soup version 0.24.0-37-gcf1ca852f1 (webtiles) character file.

Game seed: 5550020918616068786, levelgen mode: deterministic

251 Cryoshakespeare the Ruffian (level 5, -1/61 HPs)
             Began as a Vampire Berserker on Nov 21, 2019.
             Was a Priest of Trog.
             Slain by an orc
             ... wielding a +0 flail
              (2 damage)
             ... on level 4 of the Dungeon.
             The game lasted 00:04:49 (1937 turns).

Cryoshakespeare the Ruffian (Vampire Berserker)     Turns: 1937, Time: 00:04:49

Health: -1/61      AC:  7    Str: 22    XL:     5   Next: 88%
Magic:  5/5        EV: 12    Int:  6    God:    Trog [***...]
Gold:   186        SH:  0    Dex: 13    Spells: 4/4 levels left

rFire    . . .     SeeInvis +     - Unarmed
rCold    . . .     Gourm    .   (no shield)
rNeg     . . .     Faith    .   c - +0 ring mail {rPois}
rPois    +         Spirit   .   (no helmet)
rElec    .         Reflect  .   (no cloak)
rCorr    .         Harm     .   i - +1 pair of gloves
MR       .....                  (no boots)
Stlth    ..........             (no amulet)
HPRegen  0.40/turn              h - -4 ring of intelligence (curse)
MPRegen  0.09/turn              (no ring)

@: berserking, regenerating quickly, very quick
A: no food, fangs 3, see invisible, unbreathing
a: Exsanguinate, Berserk, Trog's Hand, Renounce Religion


You were on level 4 of the Dungeon.
You worshipped Trog.
Trog was most pleased with you.
You were alive.

You visited 1 branch of the dungeon, and saw 4 of its levels.

You collected 186 gold pieces.

Inventory:

Armour
 c - a +0 ring mail of poison resistance (worn)
 i - a +1 pair of gloves (worn)
Jewellery
 h - a cursed -4 ring of intelligence (left hand)
Wands
 g - a wand of iceblast (2)
Scrolls
 b - a scroll of teleportation
 e - 3 scrolls of magic mapping
 f - a scroll of immolation {unknown}
 j - a scroll of identify
 k - a scroll of fog {unknown}
 l - a scroll of enchant weapon {unknown}
Potions
 a - a potion of brilliance
 d - a potion of might


   Skills:
 + Level 3.6 Fighting
 + Level 2.6 Armour
 + Level 3.5 Dodging
 * Level 5.2 Unarmed Combat


You had 4 spell levels left.
You didn't know any spells.
Your spell library was empty.

Dungeon Overview and Level Annotations

Branches:
Dungeon (4/15)
 Temple: D:4-7

Altars:
Gozag
Vehumet
Zin


Innate Abilities, Weirdness & Mutations

You do not eat.
Your natural rate of healing is unusually fast.
You have razor-sharp teeth.
You have supernaturally acute eyesight. (SInv)
You can survive without breathing.


Message History

You punch the orc priest!
You kill the orc priest!
Trog accepts your kill.
You hit the iguana. Your bite misses the iguana.
The iguana is lightly wounded.
The iguana bites you.
* * * LOW HITPOINT WARNING * * *
The orc wizard hits you but does no damage.
You punch the iguana!
The iguana is almost dead.
The iguana bites you!
* * * LOW HITPOINT WARNING * * *
The orc wizard hits you with a +0 dagger.
* * * LOW HITPOINT WARNING * * *
You barely miss the iguana.
The iguana is almost dead.
The orc hits you with a +0 club.
* * * LOW HITPOINT WARNING * * *
The orc hits you with a +0 flail.
You die...

###........
#.....#.....
#<..........
#...........
#...........
#...........
+.$....>....
###.!.........
#....)@o......
#....loo......
#....<.#......
+......#......
#?.....# #+###
#......#
.........
#.........
#..........


You could see an iguana, an orc wizard and 2 orcs.

Vanquished Creatures
  A bullfrog (D:3)
  An orc priest (D:4)
  Natasha (D:2)
  7 adders
  An ooze (D:1)
  An adder skeleton (D:4)
  An adder zombie (D:2)
  2 worms (D:3)
  3 dart slugs
  6 giant cockroaches
  7 hobgoblins
  3 quokkas
  5 bats
  2 frilled lizards
  A giant cockroach zombie (D:2)
  2 goblins
  11 kobolds
  A leopard gecko zombie (D:2)
  11 rats
67 creatures vanquished.

Vanquished Creatures (others)
  A hobgoblin (D:3)
  A bat (D:3)
2 creatures vanquished.

Grand Total: 69 creatures vanquished

Notes
Turn   | Place    | Note
-------+----------+-------------------------------------------
     0 | D:1      | Cryoshakespeare the Vampire Berserker began the quest for
                  | the Orb.
     0 | D:1      | Reached XP level 1. HP: 17/17 MP: 1/1
   189 | D:1      | Reached XP level 2. HP: 23/23 MP: 2/2
   389 | D:1      | Reached ** piety under Trog
   698 | D:1      | Reached XP level 3. HP: 28/28 MP: 3/3
   863 | D:2      | Reached skill level 4 in Unarmed Combat
  1089 | D:2      | Found an opulent altar of Gozag.
  1090 | D:2      | Noticed Natasha
  1108 | D:2      | Killed Natasha
  1108 | D:2      | Reached XP level 4. HP: 30/35 MP: 4/4
  1423 | D:3      | Noticed a bullfrog
  1428 | D:3      | Killed a bullfrog
  1428 | D:3      | Reached XP level 5. HP: 41/41 MP: 5/5
  1538 | D:3      | Found a radiant altar of Vehumet.
  1603 | D:3      | Reached *** piety under Trog
  1645 | D:3      | Reached skill level 5 in Unarmed Combat
  1736 | D:3      | Found a glowing silver altar of Zin.
  1936 | D:4      | HP: 2/61 [iguana (11)]
  1937 | D:4      | Slain by an orc

Levels and vault maps discovered:
D:1:      dpeg_arrival_lava_altar, layout_loops_corners, minmay_tall_x
D:2:      layout_loops_ring, nicolae_gozag_cash_rules_everything_around_me,
          serial_undead, serial_undead_a, serial_undead_e, serial_undead_f,
          serial_undead_c, uniq_natasha
D:3:      layout_rooms, fiery_altar_vehumet, nicolae_overflow_hidden_temple
D:4:      layout_basic, overflow_temple_1_default, minmay_temple_entry_arrows,
          serial_glass, glass_columns_a, glass_columns_b, uniq_duvessa,
          uniq_ijyb

Skill      XL: |  1  2  3  4  5 |
---------------+----------------+-----
Fighting       | 3 |  3.6
Armour         | 2 |  2.6
Unarmed Combat | 4 5 |  5.2
Dodging        | 3 |  3.5

Action                   |  1- 3 |  4- 6 || total
-------------------------+-------+-------++-------
Melee: Unarmed           |   117 |   138 ||   255
       Bite              |    15 |    10 ||    25
       Punch             |     2 |     1 ||     3
Invok: Berserk           |     1 |     2 ||     3
  Use: Scroll            |     1 |     3 ||     4
 Stab: Sleeping          |     1 |       ||     1
Armor: Animal skin       |     2 |       ||     2
       Ring mail         |    30 |    62 ||    92
Dodge: Dodged            |    54 |    83 ||   137
